Penguins vs Panthers

Created - January-17-15 at 10:42

Goals
1 2 3 T
Penguins 3 1 2 6
Panthers 1 0 3 4
Shots
1 2 3 T
Penguins 19 19 9 47
Panthers 3 12 7 22

1st period

1. Panthers , Matt Duchene 12 (Danny DeKeyser, Patric Hornqvist) at 0:27
2. Penguins , John Tavares 23 (Pierre-Alexandr Parenteau) at 5:32
3. Penguins , Jacob Trouba 10 (Brendan Gallagher, Stephane Robidas) at 5:40
4. Penguins , John Tavares 24 (Mark Giordano, Gabriel Landeskog) at 11:05

Penalties :
Tomas Hertl (PIT) for Interference (Minor) at 1:53, Patric Hornqvist (FLA) for High sticking (Minor) at 18:06

2nd period

5. Penguins , Brandon Saad 12 (Ed Jovanovski, Tomas Hertl) at 3:25

Penalties :
Danny DeKeyser (FLA) for Hooking (Minor) at 1:07, David Perron (PIT) for Slashing (Minor) at 5:29, Matt Niskanen (FLA) for Hooking (Minor) at 9:29, Jacob Trouba (PIT) for Hooking (Minor) at 16:11

3rd period

6. Panthers , Clarke MacArthur 6 (Justin Williams, Hampus Lindholm) at 2:13
7. Panthers , Matt Duchene 13 (Matt Niskanen, Henrik Zetterberg) at 13:39 (PP)
8. Panthers , Marian Hossa 23 (Matt Carle) at 15:09
9. Penguins , David Perron 18 (Mark Giordano) at 18:43
10. Penguins , Pierre-Alexandr Parenteau 11 (Stephane Robidas, John Tavares) at 19:23 (Empty Net)

Penalties :
Hampus Lindholm (FLA) for Holding (Minor) at 5:27, Jacob Trouba (PIT) for Hooking (Minor) at 13:02

Goalie Stats

Marc-Andre Fleury (PIT), 18 saves from 22 shots - (0.818), W, 25-10-4, 60:00 minutes
Ben Bishop (FLA), 41 saves from 46 shots - (0.891), L, 19-16-5, 59:28 minutes

Players Stats for Penguins

Player Name              G  A  P  +/- PIM S  H  SB GA TA FO     MP     PP MP  PK MP  
------------------------------------------------------------------------------------
Brandon Gormley          0  0  0   1  0   2  1  0  0  0  0/0    11:29   0:00   1:02 
Brandon Saad             1  0  1   1  0   3  2  0  0  0  0/1    12:27   0:00   0:00 
Brendan Gallagher        0  1  1   1  0   1  1  0  0  0  0/0    12:27   0:00   0:00 
David Perron             1  0  1  -1  2   6  3  0  0  0  1/2    20:13   3:57   0:00 
Ed Jovanovski            0  1  1   1  0   0  2  2  0  0  0/0    10:27   0:00   0:00 
Gabriel Landeskog        0  1  1   3  0   5  6  0  0  0  0/1    21:52   3:59   3:48 
Jacob Trouba             1  0  1   2  4   4  3  1  0  0  0/0    19:52   2:28   1:44 
Jeff Carter              0  0  0  -1  0   2  1  0  0  0  1/2    20:28   3:57   0:14 
John Tavares             2  1  3   3  0   3  0  0  0  0  16/33  20:50   3:59   2:46 
Mark Giordano            0  2  2   0  0   3  2  0  0  0  0/0    27:26   5:28   3:38 
Michael Grabner          0  0  0   0  0   0  1  0  0  0  0/1     5:27   0:00   2:46 
Pierre-Alexandr Parentea 1  1  2   3  0   4  1  0  0  0  0/0    18:04   3:59   0:00 
Ryan Getzlaf             0  0  0  -1  0   4  3  0  0  0  32/46  26:29   3:57   3:34 
Ryan Suter               0  0  0   0  0   6  0  0  0  0  0/0    27:27   5:28   3:39 
Seth Jones               0  0  0   0  0   0  0  0  0  0  0/0     1:01   0:00   0:00 
Stephane Robidas         0  2  2   2  0   1  0  3  0  0  0/0    22:16   2:28   3:05 
Teemu Selanne            0  0  0   0  0   0  0  0  0  0  0/0     2:41   0:00   0:00 
Tomas Hertl              0  1  1   1  2   3  0  0  0  0  7/19   12:26   0:00   0:00 

Players Stats for Panthers

Player Name              G  A  P  +/- PIM S  H  SB GA TA FO     MP     PP MP  PK MP  
------------------------------------------------------------------------------------
Clarke MacArthur         1  0  1   0  0   1  1  0  0  0  0/2    10:00   0:00   0:00 
Danny DeKeyser           0  1  1  -1  2   1  2  2  0  0  0/0    24:01   2:48   3:11 
David Backes             0  0  0   0  0   2  2  0  0  0  20/39  19:35   3:14   5:34 
Hampus Lindholm          0  1  1  -1  2   1  0  0  0  0  0/0    12:13   3:46   0:00 
Henrik Zetterberg        0  1  1  -1  0   1  0  0  0  0  13/24  22:30   3:42   2:22 
Justin Williams          0  1  1   0  0   3  0  0  0  0  0/0    10:00   0:00   0:00 
Lauri Korpikoski         0  0  0   0  0   0  0  0  0  0  0/0     6:24   0:00   5:34 
Marian Hossa             1  0  1  -1  0   2  2  1  0  0  0/0    21:59   3:14   2:22 
Matt Carle               0  1  1  -1  0   0  1  2  0  0  0/0    18:40   0:00   3:33 
Matt Duchene             2  0  2  -2  0   5  1  0  0  0  14/37  21:37   3:20   0:00 
Matt Niskanen            0  1  1  -1  2   3  3  0  0  0  0/0    16:05   3:46   0:00 
Nathan MacKinnon         0  0  0  -2  0   2  0  0  0  0  0/0    21:37   3:20   0:00 
Niklas Hjalmarsson       0  0  0  -1  0   0  0  3  0  0  0/0    22:26   0:00   4:23 
Patric Hornqvist         0  1  1  -2  2   0  1  0  0  0  0/2    21:08   2:52   0:00 
Rick Nash                0  0  0  -1  0   0  0  1  0  0  1/1    16:23   0:00   0:00 
Rob Klinkhammer          0  0  0   0  0   0  0  0  0  0  0/0     0:50   0:00   0:00 
Sami Salo                0  0  0   0  0   0  0  1  0  0  0/0     5:04   0:00   1:12 
T.J. Brodie              0  0  0  -1  0   1  0  0  0  0  0/0    21:28   2:48   3:33 

3 Stars

1 - John Tavares (PIT)
2 - Pierre-Alexandr Parenteau (PIT)
3 - Gabriel Landeskog (PIT)

Power Play

Penguins - 0 on 4 Attempt(s) - 0.00%
Panthers - 1 on 4 Attempt(s) - 25.00%

Penalty Kill

Penguins - 3 on 4 Attempt(s) - 75.00% - Score 0 goal in Penalty Kill
Panthers - 4 on 4 Attempt(s) - 100.00% - Score 0 goal in Penalty Kill

Team Stat

Penguins - Hits : 26 - Faceoff Wins : 57 - Blocked Shots : 6 - Penalty Minutes : 8
Panthers - Hits : 13 - Faceoff Wins : 48 - Blocked Shots : 10 - Penalty Minutes : 8

Official

Referees : Rob Martell and Dan O'Rourke
Linesman : Pierre Racicot and Tim Nowak

Game Notes

Pierre-Alexandr Parenteau has scored in a empty net!

Finance

Level 1 -- Attendance: 6000 (100.00%) -- Ticket Income $642,000
Level 2 -- Attendance: 4453 (89.06%) -- Ticket Income $342,881
Level 3 -- Attendance: 3417 (97.63%) -- Ticket Income $177,684
Level 4 -- Attendance: 2748 (73.28%) -- Ticket Income $68,700
Luxury Box -- Attendance: 991 (99.10%) -- Ticket Income $198,200
Game was played at the BBT Center'
Total Attendance: 17609 (91.48%)
Total Ticket Income: $1,429,465
Other Income: $214,420
Total Income: $1,643,885

% Time on Ice - Penguins

Lines # - Real PCT - Wanted PCT - Time Play
Normal Forward
1 - 36% - 35% - 16:17
2 - 31% - 30% - 14:05
3 - 27% - 25% - 12:27
4 - 6% - 10% - 2:41
Normal Defense
1 - 40% - 40% - 18:20
2 - 35% - 35% - 15:42
3 - 23% - 20% - 10:27
4 - 2% - 5% - 1:01
PP Forward
1 - 50% - 55% - 3:57
2 - 50% - 45% - 3:59
PP Defense
1 - 69% - 75% - 5:28
2 - 31% - 25% - 2:28
PK Forward
1 - 58% - 55% - 3:48
2 - 42% - 45% - 2:46
PK Defense
1 - 53% - 70% - 3:29
2 - 47% - 30% - 3:05
PK3 Forward
1 - 0% - 55%
2 - 0% - 45%
PK3 Defense
1 - 0% - 55%
2 - 0% - 45%
44 Forward
1 - 0% - 55%
2 - 0% - 45%
44 Defense
1 - 0% - 55%
2 - 0% - 45%
Last Minute Offensive  - 0:00
Last Minute Defensive  - 0:00
Total
Forward - 60:00
Defense - 60:00

% Time on Ice - Panthers

Lines # - Real PCT - Wanted PCT - Time Play
Normal Forward
1 - 40% - 40% - 18:17
2 - 36% - 35% - 16:23
3 - 22% - 20% - 10:00
4 - 2% - 5% - 0:50
Normal Defense
1 - 40% - 40% - 18:03
2 - 33% - 30% - 15:07
3 - 19% - 20% - 8:28
4 - 8% - 10% - 3:52
PP Forward
1 - 51% - 60% - 3:20
2 - 49% - 40% - 3:14
PP Defense
1 - 57% - 60% - 3:46
2 - 43% - 40% - 2:48
PK Forward
1 - 70% - 60% - 5:34
2 - 30% - 40% - 2:22
PK Defense
1 - 55% - 60% - 4:23
2 - 45% - 40% - 3:33
PK3 Forward
1 - 0% - 65%
2 - 0% - 35%
PK3 Defense
1 - 0% - 60%
2 - 0% - 40%
44 Forward
1 - 0% - 60%
2 - 0% - 40%
44 Defense
1 - 0% - 60%
2 - 0% - 40%
Last Minute Offensive  - 0:00
Last Minute Defensive  - 0:00
Total
Forward - 60:00
Defense - 60:00

Play by Play

1st period


0:01 of 1st period - Ryan Getzlaf wins face-off versus Matt Duchene in neutral zone.
0:27 of 1st period - Shot by Matt Duchene.
0:27 of 1st period - Goal by Matt Duchene - Penguins : 0 - Panthers : 1.
0:28 of 1st period - Henrik Zetterberg wins face-off versus John Tavares in neutral zone.
0:30 of 1st period - Off-side.
0:31 of 1st period - Henrik Zetterberg wins face-off versus Tomas Hertl in neutral zone.
0:34 of 1st period - Shot by Henrik Zetterberg.
0:34 of 1st period - Deflect By Rick Nash.
0:34 of 1st period - Shot Blocked by Jacob Trouba.
0:40 of 1st period - Shot by Brandon Saad.
0:40 of 1st period - Deflect By Tomas Hertl.
0:40 of 1st period - Stopped by Ben Bishop without a rebound.
0:41 of 1st period - David Backes wins face-off versus John Tavares in Panthers zone.
0:53 of 1st period - Shot by Pierre-Alexandr Parenteau.
0:53 of 1st period - Stopped by Ben Bishop without a rebound.
0:54 of 1st period - Henrik Zetterberg wins face-off versus Michael Grabner in Panthers zone.
0:54 of 1st period - Henrik Zetterberg is hit by Ryan Getzlaf.
1:53 of 1st period - Minor Penalty to Tomas Hertl for Interference.
1:54 of 1st period - Ryan Getzlaf wins face-off versus Matt Duchene in Penguins zone.
2:16 of 1st period - Icing by Matt Duchene.
2:17 of 1st period - Ryan Getzlaf wins face-off versus Matt Duchene in Panthers zone.
2:22 of 1st period - Shot by Gabriel Landeskog.
2:22 of 1st period - Stopped by Ben Bishop without a rebound.
2:23 of 1st period - David Backes wins face-off versus John Tavares in Panthers zone.
3:23 of 1st period - Off-side.
3:24 of 1st period - Henrik Zetterberg wins face-off versus John Tavares in neutral zone.
4:03 of 1st period - Shot by Brandon Saad.
4:03 of 1st period - Stopped by Ben Bishop without a rebound.
4:04 of 1st period - David Backes wins face-off versus Tomas Hertl in Panthers zone.
4:11 of 1st period - Shot by T.J. Brodie.
4:11 of 1st period - Stopped by Marc-Andre Fleury without a rebound.
4:12 of 1st period - Matt Duchene wins face-off versus Ryan Getzlaf in Penguins zone.
5:32 of 1st period - Shot by John Tavares.
5:32 of 1st period - Goal by John Tavares - Penguins : 1 - Panthers : 1.
5:33 of 1st period - Tomas Hertl wins face-off versus David Backes in neutral zone.
5:38 of 1st period - Shot by Brendan Gallagher.
5:38 of 1st period - Shot Misses the Net.
5:40 of 1st period - Shot by Jacob Trouba.
5:40 of 1st period - Goal by Jacob Trouba - Penguins : 2 - Panthers : 1.
5:41 of 1st period - Tomas Hertl wins face-off versus Henrik Zetterberg in neutral zone.
6:16 of 1st period - Shot by Henrik Zetterberg.
6:16 of 1st period - Deflect By Rick Nash.
6:16 of 1st period - Shot Misses the Net.
6:18 of 1st period - Shot by Niklas Hjalmarsson.
6:18 of 1st period - Shot Misses the Net.
7:02 of 1st period - Shot by David Backes.
7:02 of 1st period - Shot Blocked by Stephane Robidas.
7:10 of 1st period - Shot by Justin Williams.
7:10 of 1st period - Stopped by Marc-Andre Fleury without a rebound.
7:11 of 1st period - John Tavares wins face-off versus Matt Duchene in Penguins zone.
7:11 of 1st period - John Tavares is hit by Patric Hornqvist.
7:38 of 1st period - Icing by Patric Hornqvist.
7:39 of 1st period - Matt Duchene wins face-off versus Ryan Getzlaf in Panthers zone.
7:46 of 1st period - Ryan Getzlaf is hit by Matt Duchene.
7:55 of 1st period - Jeff Carter is hit by Matt Niskanen and loses puck.
8:06 of 1st period - Shot by Jeff Carter.
8:06 of 1st period - Shot Misses the Net.
8:10 of 1st period - Shot by David Perron.
8:10 of 1st period - Stopped by Ben Bishop with a rebound.
8:12 of 1st period - Shot by Ryan Getzlaf.
8:12 of 1st period - Shot Misses the Net.
8:48 of 1st period - Danny DeKeyser is hit by Mark Giordano and loses puck.
10:29 of 1st period - Icing by Brandon Gormley.
10:30 of 1st period - Tomas Hertl wins face-off versus Henrik Zetterberg in Penguins zone.
10:36 of 1st period - Shot by Brandon Saad.
10:36 of 1st period - Shot Misses the Net.
10:38 of 1st period - Shot by Brandon Gormley.
10:38 of 1st period - Stopped by Ben Bishop without a rebound.
10:39 of 1st period - Matt Duchene wins face-off versus John Tavares in Panthers zone.
10:39 of 1st period - Matt Duchene is hit by Pierre-Alexandr Parenteau.
11:05 of 1st period - Shot by John Tavares.
11:05 of 1st period - Goal by John Tavares - Penguins : 3 - Panthers : 1.
11:06 of 1st period - Henrik Zetterberg wins face-off versus Tomas Hertl in neutral zone.
11:23 of 1st period - Shot by Brendan Gallagher.
11:23 of 1st period - Stopped by Ben Bishop with a rebound.
11:30 of 1st period - Danny DeKeyser is hit by Ed Jovanovski and loses puck.
12:55 of 1st period - Shot by John Tavares.
12:55 of 1st period - Shot Misses the Net.
12:57 of 1st period - Shot by Stephane Robidas.
12:57 of 1st period - Stopped by Ben Bishop without a rebound.
12:58 of 1st period - John Tavares wins face-off versus David Backes in Panthers zone.
12:58 of 1st period - Stephane Robidas is hit by Matt Niskanen and loses puck.
13:04 of 1st period - Gabriel Landeskog is hit by Matt Niskanen and loses puck.
13:17 of 1st period - Shot by Hampus Lindholm.
13:17 of 1st period - Shot Hit the Post.
13:36 of 1st period - Shot by John Tavares.
13:36 of 1st period - Deflect By Pierre-Alexandr Parenteau.
13:36 of 1st period - Stopped by Ben Bishop without a rebound.
13:37 of 1st period - Matt Duchene wins face-off versus Tomas Hertl in Panthers zone.
13:37 of 1st period - T.J. Brodie is hit by Brendan Gallagher and loses puck.
14:02 of 1st period - Matt Carle is hit by Brandon Saad and loses puck.
15:09 of 1st period - Shot by David Perron.
15:09 of 1st period - Stopped by Ben Bishop with a rebound.
15:11 of 1st period - Shot by Ryan Suter.
15:11 of 1st period - Stopped by Ben Bishop without a rebound.
15:12 of 1st period - John Tavares wins face-off versus David Backes in Panthers zone.
15:21 of 1st period - Icing by Pierre-Alexandr Parenteau.
15:22 of 1st period - John Tavares wins face-off versus Clarke MacArthur in Penguins zone.
15:32 of 1st period - Off-side.
15:33 of 1st period - Tomas Hertl wins face-off versus Matt Duchene in neutral zone.
15:47 of 1st period - Icing by Jacob Trouba.
15:48 of 1st period - David Backes wins face-off versus Tomas Hertl in Penguins zone.
16:07 of 1st period - Shot by Tomas Hertl.
16:07 of 1st period - Stopped by Ben Bishop without a rebound.
16:08 of 1st period - Ryan Getzlaf wins face-off versus Matt Duchene in Panthers zone.
16:42 of 1st period - Icing by Mark Giordano.
16:43 of 1st period - Ryan Getzlaf wins face-off versus Henrik Zetterberg in Penguins zone.
17:49 of 1st period - Shot by Patric Hornqvist.
17:49 of 1st period - Shot Misses the Net.
17:51 of 1st period - Shot by Danny DeKeyser.
17:51 of 1st period - Shot Misses the Net.
17:56 of 1st period - Patric Hornqvist is hit by Jacob Trouba and loses puck.
18:06 of 1st period - Minor Penalty to Patric Hornqvist for High sticking.
18:07 of 1st period - Ryan Getzlaf wins face-off versus David Backes in Panthers zone.
18:17 of 1st period - Icing by Mark Giordano.
18:18 of 1st period - David Backes wins face-off versus Ryan Getzlaf in Penguins zone.
18:30 of 1st period - Icing by Ryan Suter.
18:31 of 1st period - David Backes wins face-off versus Ryan Getzlaf in Penguins zone.
18:55 of 1st period - Shot by David Perron.
18:55 of 1st period - Deflect By Ryan Getzlaf.
18:55 of 1st period - Shot Misses the Net.
18:57 of 1st period - Shot by Mark Giordano.
18:57 of 1st period - Stopped by Ben Bishop without a rebound.
18:58 of 1st period - John Tavares wins face-off versus David Backes in Panthers zone.
18:58 of 1st period - Gabriel Landeskog is hit by Danny DeKeyser and loses puck.
19:07 of 1st period - Shot by John Tavares.
19:07 of 1st period - Stopped by Ben Bishop without a rebound.
19:08 of 1st period - John Tavares wins face-off versus David Backes in Panthers zone.
19:17 of 1st period - Shot by Jacob Trouba.
19:17 of 1st period - Stopped by Ben Bishop with a rebound.
19:29 of 1st period - Shot by Jacob Trouba.
19:29 of 1st period - Stopped by Ben Bishop without a rebound.
19:30 of 1st period - Ryan Getzlaf wins face-off versus David Backes in Panthers zone.
19:35 of 1st period - Shot by Ryan Getzlaf.
19:35 of 1st period - Shot Misses the Net.
Goals for this period are 3 for Penguins vs 1 for Panthers.
Shots for this period are 19 for Penguins vs 3 for Panthers.

2nd period


0:01 of 2nd period - Ryan Getzlaf wins face-off versus David Backes in neutral zone.
0:44 of 2nd period - Pierre-Alexandr Parenteau is hit by Matt Carle and loses puck.
0:47 of 2nd period - Shot by John Tavares.
0:47 of 2nd period - Shot Blocked by Rick Nash.
1:01 of 2nd period - Shot by Ryan Getzlaf.
1:01 of 2nd period - Stopped by Ben Bishop without a rebound.
1:02 of 2nd period - Ryan Getzlaf wins face-off versus Matt Duchene in Panthers zone.
1:07 of 2nd period - Shot by David Perron.
1:07 of 2nd period - Stopped by Ben Bishop without a rebound.
1:07 of 2nd period - Minor Penalty to Danny DeKeyser for Hooking.
1:08 of 2nd period - Ryan Getzlaf wins face-off versus David Backes in Panthers zone.
1:11 of 2nd period - Shot by Ryan Suter.
1:11 of 2nd period - Stopped by Ben Bishop without a rebound.
1:12 of 2nd period - Jeff Carter wins face-off versus David Backes in Panthers zone.
1:13 of 2nd period - Shot by Ryan Suter.
1:13 of 2nd period - Shot Misses the Net.
1:25 of 2nd period - Shot by Mark Giordano.
1:25 of 2nd period - Stopped by Ben Bishop without a rebound.
1:26 of 2nd period - David Backes wins face-off versus John Tavares in Panthers zone.
1:26 of 2nd period - David Backes is hit by Gabriel Landeskog.
1:38 of 2nd period - Ryan Suter is hit by David Backes and loses puck.
1:59 of 2nd period - Shot by Mark Giordano.
1:59 of 2nd period - Shot Misses the Net.
2:01 of 2nd period - Shot by Ryan Suter.
2:01 of 2nd period - Shot Misses the Net.
2:03 of 2nd period - Shot by Mark Giordano.
2:03 of 2nd period - Shot Blocked by Sami Salo.
2:19 of 2nd period - Icing by Mark Giordano.
2:20 of 2nd period - John Tavares wins face-off versus David Backes in Penguins zone.
2:33 of 2nd period - T.J. Brodie is hit by David Perron and loses puck.
2:42 of 2nd period - Shot by Jeff Carter.
2:42 of 2nd period - Shot Misses the Net.
2:44 of 2nd period - Shot by Ryan Getzlaf.
2:44 of 2nd period - Stopped by Ben Bishop without a rebound.
2:45 of 2nd period - David Backes wins face-off versus Ryan Getzlaf in Panthers zone.
3:13 of 2nd period - Shot by Nathan MacKinnon.
3:13 of 2nd period - Shot Blocked by Ed Jovanovski.
3:15 of 2nd period - Shot by Hampus Lindholm.
3:15 of 2nd period - Stopped by Marc-Andre Fleury without a rebound.
3:16 of 2nd period - Matt Duchene wins face-off versus Tomas Hertl in Penguins zone.
3:16 of 2nd period - Patric Hornqvist is hit by Brandon Gormley and loses puck.
3:25 of 2nd period - Shot by Brandon Saad.
3:25 of 2nd period - Goal by Brandon Saad - Penguins : 4 - Panthers : 1.
3:26 of 2nd period - David Backes wins face-off versus Ryan Getzlaf in neutral zone.
3:29 of 2nd period - Mark Giordano is hit by David Backes.
3:33 of 2nd period - Clarke MacArthur is hit by Jeff Carter and loses puck.
3:54 of 2nd period - Shot by Mark Giordano.
3:54 of 2nd period - Shot Misses the Net.
3:56 of 2nd period - Shot by Ryan Getzlaf.
3:56 of 2nd period - Shot Misses the Net.
4:00 of 2nd period - Shot by Ryan Suter.
4:00 of 2nd period - Stopped by Ben Bishop without a rebound.
4:01 of 2nd period - Matt Duchene wins face-off versus John Tavares in Panthers zone.
5:29 of 2nd period - Minor Penalty to David Perron for Slashing.
5:30 of 2nd period - Ryan Getzlaf wins face-off versus David Backes in Penguins zone.
5:51 of 2nd period - Shot by Marian Hossa.
5:51 of 2nd period - Stopped by Marc-Andre Fleury without a rebound.
5:52 of 2nd period - David Backes wins face-off versus Ryan Getzlaf in Penguins zone.
6:54 of 2nd period - Shot by Matt Duchene.
6:54 of 2nd period - Stopped by Marc-Andre Fleury with a rebound.
6:56 of 2nd period - Shot by Matt Niskanen.
6:56 of 2nd period - Stopped by Marc-Andre Fleury with a rebound.
6:58 of 2nd period - Shot by Nathan MacKinnon.
6:58 of 2nd period - Stopped by Marc-Andre Fleury without a rebound.
6:59 of 2nd period - Ryan Getzlaf wins face-off versus Matt Duchene in Penguins zone.
7:05 of 2nd period - Icing by Matt Niskanen.
7:06 of 2nd period - Ryan Getzlaf wins face-off versus Matt Duchene in Panthers zone.
7:23 of 2nd period - Shot by Jacob Trouba.
7:23 of 2nd period - Stopped by Ben Bishop without a rebound.
7:24 of 2nd period - John Tavares wins face-off versus David Backes in Panthers zone.
7:25 of 2nd period - Shot by Ryan Suter.
7:25 of 2nd period - Stopped by Ben Bishop without a rebound.
7:26 of 2nd period - Ryan Getzlaf wins face-off versus Matt Duchene in Panthers zone.
7:45 of 2nd period - Shot by Justin Williams.
7:45 of 2nd period - Stopped by Marc-Andre Fleury with a rebound.
7:47 of 2nd period - Shot by Danny DeKeyser.
7:47 of 2nd period - Stopped by Marc-Andre Fleury without a rebound.
7:48 of 2nd period - Henrik Zetterberg wins face-off versus John Tavares in Penguins zone.
7:48 of 2nd period - T.J. Brodie is hit by Mark Giordano and loses puck.
9:06 of 2nd period - Shot by Jeff Carter.
9:06 of 2nd period - Stopped by Ben Bishop without a rebound.
9:07 of 2nd period - Tomas Hertl wins face-off versus Matt Duchene in Panthers zone.
9:10 of 2nd period - Shot by Brandon Saad.
9:10 of 2nd period - Shot Misses the Net.
9:12 of 2nd period - Shot by Ed Jovanovski.
9:12 of 2nd period - Shot Misses the Net.
9:20 of 2nd period - Shot by Brandon Gormley.
9:20 of 2nd period - Stopped by Ben Bishop without a rebound.
9:21 of 2nd period - Ryan Getzlaf wins face-off versus David Backes in Panthers zone.
9:29 of 2nd period - Minor Penalty to Matt Niskanen for Hooking.
9:30 of 2nd period - David Backes wins face-off versus David Perron in Panthers zone.
9:30 of 2nd period - David Backes is hit by David Perron.
9:39 of 2nd period - Shot by Mark Giordano.
9:39 of 2nd period - Shot Blocked by Danny DeKeyser.
9:41 of 2nd period - Shot by Mark Giordano.
9:41 of 2nd period - Shot Misses the Net.
9:43 of 2nd period - Shot by Mark Giordano.
9:43 of 2nd period - Shot Blocked by Niklas Hjalmarsson.
9:45 of 2nd period - Shot by David Perron.
9:45 of 2nd period - Stopped by Ben Bishop without a rebound.
9:46 of 2nd period - David Backes wins face-off versus Gabriel Landeskog in Panthers zone.
9:46 of 2nd period - David Backes is hit by Gabriel Landeskog.
10:14 of 2nd period - Shot by Pierre-Alexandr Parenteau.
10:14 of 2nd period - Deflect By Gabriel Landeskog.
10:14 of 2nd period - Shot Blocked by Danny DeKeyser.
10:16 of 2nd period - Shot by Mark Giordano.
10:16 of 2nd period - Stopped by Ben Bishop without a rebound.
10:17 of 2nd period - Ryan Getzlaf wins face-off versus Henrik Zetterberg in Panthers zone.
10:44 of 2nd period - Shot by Jacob Trouba.
10:44 of 2nd period - Shot Misses the Net.
10:46 of 2nd period - Shot by Jacob Trouba.
10:46 of 2nd period - Shot Misses the Net.
11:41 of 2nd period - Off-side.
11:42 of 2nd period - Henrik Zetterberg wins face-off versus Tomas Hertl in neutral zone.
11:49 of 2nd period - Mark Giordano is hit by Marian Hossa and loses puck.
12:10 of 2nd period - Shot by Matt Niskanen.
12:10 of 2nd period - Shot Misses the Net.
12:14 of 2nd period - Shot by Henrik Zetterberg.
12:14 of 2nd period - Stopped by Marc-Andre Fleury without a rebound.
12:15 of 2nd period - Ryan Getzlaf wins face-off versus Matt Duchene in Penguins zone.
12:39 of 2nd period - Nathan MacKinnon is hit by Jacob Trouba and loses puck.
12:47 of 2nd period - Matt Duchene is hit by Jacob Trouba and loses puck.
13:13 of 2nd period - Off-side.
13:14 of 2nd period - John Tavares wins face-off versus David Backes in neutral zone.
13:17 of 2nd period - T.J. Brodie is hit by Gabriel Landeskog and loses puck.
13:34 of 2nd period - Shot by Gabriel Landeskog.
13:34 of 2nd period - Shot Misses the Net.
13:36 of 2nd period - Shot by Gabriel Landeskog.
13:36 of 2nd period - Shot Blocked by Matt Carle.
13:38 of 2nd period - Shot by Pierre-Alexandr Parenteau.
13:38 of 2nd period - Shot Misses the Net.
13:40 of 2nd period - Shot by Ryan Suter.
13:40 of 2nd period - Shot Blocked by Matt Carle.
13:42 of 2nd period - Shot by John Tavares.
13:42 of 2nd period - Shot Misses the Net.
13:44 of 2nd period - Shot by Gabriel Landeskog.
13:44 of 2nd period - Stopped by Ben Bishop without a rebound.
13:45 of 2nd period - Henrik Zetterberg wins face-off versus Tomas Hertl in Panthers zone.
13:45 of 2nd period - Henrik Zetterberg is hit by Brandon Saad.
13:52 of 2nd period - Matt Niskanen is hit by Ed Jovanovski and loses puck.
14:10 of 2nd period - Shot by Tomas Hertl.
14:10 of 2nd period - Stopped by Ben Bishop without a rebound.
14:11 of 2nd period - Ryan Getzlaf wins face-off versus Matt Duchene in Panthers zone.
15:20 of 2nd period - Shot by Gabriel Landeskog.
15:20 of 2nd period - Stopped by Ben Bishop with a rebound.
15:22 of 2nd period - Shot by Pierre-Alexandr Parenteau.
15:22 of 2nd period - Stopped by Ben Bishop without a rebound.
15:23 of 2nd period - David Backes wins face-off versus Brandon Saad in Panthers zone.
15:52 of 2nd period - Shot by Justin Williams.
15:52 of 2nd period - Stopped by Marc-Andre Fleury without a rebound.
15:53 of 2nd period - John Tavares wins face-off versus Henrik Zetterberg in Penguins zone.
16:11 of 2nd period - Minor Penalty to Jacob Trouba for Hooking.
16:12 of 2nd period - Ryan Getzlaf wins face-off versus Matt Duchene in Penguins zone.
17:05 of 2nd period - Off-side.
17:06 of 2nd period - Ryan Getzlaf wins face-off versus David Backes in neutral zone.
17:29 of 2nd period - Shot by David Backes.
17:29 of 2nd period - Stopped by Marc-Andre Fleury without a rebound.
17:30 of 2nd period - David Backes wins face-off versus John Tavares in Penguins zone.
17:31 of 2nd period - Shot by Matt Niskanen.
17:31 of 2nd period - Stopped by Marc-Andre Fleury without a rebound.
17:32 of 2nd period - Ryan Getzlaf wins face-off versus Matt Duchene in Penguins zone.
17:42 of 2nd period - Off-side.
17:43 of 2nd period - David Backes wins face-off versus Ryan Getzlaf in neutral zone.
18:31 of 2nd period - Off-side.
18:32 of 2nd period - Henrik Zetterberg wins face-off versus Ryan Getzlaf in neutral zone.
18:32 of 2nd period - Marian Hossa is hit by Ryan Getzlaf and loses puck.
18:57 of 2nd period - Shot by Ryan Getzlaf.
18:57 of 2nd period - Shot Blocked by Marian Hossa.
18:59 of 2nd period - Shot by Ryan Getzlaf.
18:59 of 2nd period - Stopped by Ben Bishop without a rebound.
19:00 of 2nd period - David Backes wins face-off versus John Tavares in Panthers zone.
19:09 of 2nd period - Shot by Gabriel Landeskog.
19:09 of 2nd period - Stopped by Ben Bishop without a rebound.
19:10 of 2nd period - Matt Duchene wins face-off versus John Tavares in Panthers zone.
19:49 of 2nd period - Shot by Nathan MacKinnon.
19:49 of 2nd period - Stopped by Marc-Andre Fleury without a rebound.
19:50 of 2nd period - Henrik Zetterberg wins face-off versus Ryan Getzlaf in Penguins zone.
Goals for this period are 1 for Penguins vs 0 for Panthers.
Shots for this period are 19 for Penguins vs 12 for Panthers.

3rd period


0:01 of 3rd period - Ryan Getzlaf wins face-off versus Matt Duchene in neutral zone.
0:07 of 3rd period - Icing by Danny DeKeyser.
0:08 of 3rd period - Ryan Getzlaf wins face-off versus Matt Duchene in Panthers zone.
0:09 of 3rd period - Shot by Ryan Suter.
0:09 of 3rd period - Shot Blocked by Niklas Hjalmarsson.
0:11 of 3rd period - Shot by Ryan Suter.
0:11 of 3rd period - Stopped by Ben Bishop without a rebound.
0:12 of 3rd period - Ryan Getzlaf wins face-off versus Matt Duchene in Panthers zone.
0:13 of 3rd period - Shot by Mark Giordano.
0:13 of 3rd period - Shot Misses the Net.
0:50 of 3rd period - Off-side.
0:51 of 3rd period - Henrik Zetterberg wins face-off versus John Tavares in neutral zone.
1:32 of 3rd period - T.J. Brodie is hit by Gabriel Landeskog and loses puck.
2:13 of 3rd period - Shot by Clarke MacArthur.
2:13 of 3rd period - Goal by Clarke MacArthur - Penguins : 4 - Panthers : 2.
2:14 of 3rd period - Ryan Getzlaf wins face-off versus Patric Hornqvist in neutral zone.
2:22 of 3rd period - Icing by Niklas Hjalmarsson.
2:23 of 3rd period - Matt Duchene wins face-off versus Jeff Carter in Panthers zone.
2:33 of 3rd period - Icing by Niklas Hjalmarsson.
2:34 of 3rd period - Matt Duchene wins face-off versus John Tavares in Panthers zone.
4:10 of 3rd period - Icing by Henrik Zetterberg.
4:11 of 3rd period - Henrik Zetterberg wins face-off versus Tomas Hertl in Panthers zone.
4:19 of 3rd period - Shot by T.J. Brodie.
4:19 of 3rd period - Shot Misses the Net.
5:27 of 3rd period - Minor Penalty to Hampus Lindholm for Holding.
5:28 of 3rd period - John Tavares wins face-off versus David Backes in Panthers zone.
5:33 of 3rd period - Shot by Mark Giordano.
5:33 of 3rd period - Shot Blocked by Niklas Hjalmarsson.
5:55 of 3rd period - Shot by Gabriel Landeskog.
5:55 of 3rd period - Stopped by Ben Bishop with a rebound.
5:57 of 3rd period - Shot by Ryan Suter.
5:57 of 3rd period - Stopped by Ben Bishop without a rebound.
5:58 of 3rd period - Ryan Getzlaf wins face-off versus David Backes in Panthers zone.
6:13 of 3rd period - Shot by David Backes.
6:13 of 3rd period - Deflect By Lauri Korpikoski.
6:13 of 3rd period - Shot Misses the Net.
6:18 of 3rd period - Off-side.
6:19 of 3rd period - John Tavares wins face-off versus Henrik Zetterberg in neutral zone.
6:41 of 3rd period - Icing by Ryan Suter.
6:42 of 3rd period - David Backes wins face-off versus John Tavares in Penguins zone.
7:07 of 3rd period - Henrik Zetterberg is hit by Gabriel Landeskog and loses puck.
7:39 of 3rd period - Icing by Matt Niskanen.
7:40 of 3rd period - Ryan Getzlaf wins face-off versus Matt Duchene in Panthers zone.
7:41 of 3rd period - Shot by Jeff Carter.
7:41 of 3rd period - Stopped by Ben Bishop without a rebound.
7:42 of 3rd period - Matt Duchene wins face-off versus Ryan Getzlaf in Panthers zone.
7:42 of 3rd period - Matt Duchene is hit by David Perron.
8:02 of 3rd period - Shot by Jacob Trouba.
8:02 of 3rd period - Shot Misses the Net.
8:04 of 3rd period - Shot by Jacob Trouba.
8:04 of 3rd period - Deflect By David Perron.
8:04 of 3rd period - Stopped by Ben Bishop with a rebound.
8:34 of 3rd period - Icing by Danny DeKeyser.
8:35 of 3rd period - John Tavares wins face-off versus Matt Duchene in Panthers zone.
9:43 of 3rd period - Justin Williams is hit by Gabriel Landeskog and loses puck.
10:06 of 3rd period - David Backes is hit by Michael Grabner and loses puck.
11:10 of 3rd period - Icing by Matt Niskanen.
11:11 of 3rd period - Ryan Getzlaf wins face-off versus David Backes in Panthers zone.
11:16 of 3rd period - Shot by Jeff Carter.
11:16 of 3rd period - Deflect By Ryan Getzlaf.
11:16 of 3rd period - Stopped by Ben Bishop without a rebound.
11:17 of 3rd period - Matt Duchene wins face-off versus Ryan Getzlaf in Panthers zone.
11:19 of 3rd period - Icing by Niklas Hjalmarsson.
11:20 of 3rd period - Matt Duchene wins face-off versus Tomas Hertl in Panthers zone.
11:28 of 3rd period - Off-side.
11:29 of 3rd period - David Perron wins face-off versus Matt Duchene in neutral zone.
12:07 of 3rd period - Ryan Getzlaf is hit by Danny DeKeyser and loses puck.
12:27 of 3rd period - Icing by Ryan Suter.
12:28 of 3rd period - Ryan Getzlaf wins face-off versus Henrik Zetterberg in Penguins zone.
13:02 of 3rd period - Minor Penalty to Jacob Trouba for Hooking.
13:03 of 3rd period - David Backes wins face-off versus John Tavares in Penguins zone.
13:08 of 3rd period - Shot by Hampus Lindholm.
13:08 of 3rd period - Shot Blocked by Stephane Robidas.
13:10 of 3rd period - Shot by Matt Niskanen.
13:10 of 3rd period - Shot Misses the Net.
13:12 of 3rd period - Shot by Matt Niskanen.
13:12 of 3rd period - Stopped by Marc-Andre Fleury without a rebound.
13:13 of 3rd period - John Tavares wins face-off versus Matt Duchene in Penguins zone.
13:39 of 3rd period - Shot by Matt Duchene.
13:39 of 3rd period - Goal by Matt Duchene - Penguins : 4 - Panthers : 3.
13:40 of 3rd period - David Backes wins face-off versus Tomas Hertl in neutral zone.
14:44 of 3rd period - Off-side.
14:45 of 3rd period - Matt Duchene wins face-off versus Ryan Getzlaf in neutral zone.
14:54 of 3rd period - Shot by Matt Duchene.
14:54 of 3rd period - Stopped by Marc-Andre Fleury without a rebound.
14:55 of 3rd period - Ryan Getzlaf wins face-off versus Henrik Zetterberg in Penguins zone.
14:55 of 3rd period - Ryan Getzlaf is hit by Marian Hossa.
15:09 of 3rd period - Shot by Marian Hossa.
15:09 of 3rd period - Goal by Marian Hossa - Penguins : 4 - Panthers : 4.
15:10 of 3rd period - Matt Duchene wins face-off versus John Tavares in neutral zone.
15:12 of 3rd period - Off-side.
15:13 of 3rd period - John Tavares wins face-off versus Henrik Zetterberg in neutral zone.
15:42 of 3rd period - Icing by T.J. Brodie.
15:43 of 3rd period - Ryan Getzlaf wins face-off versus Henrik Zetterberg in Panthers zone.
16:05 of 3rd period - Henrik Zetterberg is hit by Ryan Getzlaf and loses puck.
16:10 of 3rd period - Shot by Marian Hossa.
16:10 of 3rd period - Shot Blocked by Ed Jovanovski.
16:46 of 3rd period - Shot by Matt Duchene.
16:46 of 3rd period - Stopped by Marc-Andre Fleury without a rebound.
16:47 of 3rd period - David Backes wins face-off versus John Tavares in Penguins zone.
17:12 of 3rd period - Shot by David Backes.
17:12 of 3rd period - Shot Blocked by Stephane Robidas.
17:26 of 3rd period - Shot by David Backes.
17:26 of 3rd period - Stopped by Marc-Andre Fleury without a rebound.
17:27 of 3rd period - Tomas Hertl wins face-off versus Matt Duchene in Penguins zone.
17:53 of 3rd period - Shot by Brandon Saad.
17:53 of 3rd period - Stopped by Ben Bishop without a rebound.
17:54 of 3rd period - Henrik Zetterberg wins face-off versus Ryan Getzlaf in Panthers zone.
17:58 of 3rd period - Icing by Henrik Zetterberg.
17:59 of 3rd period - Ryan Getzlaf wins face-off versus Henrik Zetterberg in Panthers zone.
18:25 of 3rd period - Shot by Henrik Zetterberg.
18:25 of 3rd period - Shot Misses the Net.
18:43 of 3rd period - Shot by David Perron.
18:43 of 3rd period - Goal by David Perron - Penguins : 5 - Panthers : 4.
18:44 of 3rd period - John Tavares wins face-off versus Patric Hornqvist in neutral zone.
18:51 of 3rd period - Panthers, Ben Bishop is pulled from the net.
19:23 of 3rd period - Shot by Pierre-Alexandr Parenteau.
19:23 of 3rd period - Goal by Pierre-Alexandr Parenteau - Penguins : 6 - Panthers : 4.
19:23 of 3rd period - Ben Bishop from Panthers was sent back in the game.
19:24 of 3rd period - Tomas Hertl wins face-off versus Clarke MacArthur in neutral zone.
19:24 of 3rd period - Brandon Gormley is hit by Clarke MacArthur.
19:44 of 3rd period - Shot by David Backes.
19:44 of 3rd period - Shot Misses the Net.
19:49 of 3rd period - Icing by Brandon Gormley.
19:50 of 3rd period - Rick Nash wins face-off versus Tomas Hertl in Penguins zone.
Goals for this period are 2 for Penguins vs 3 for Panthers.
Shots for this period are 9 for Penguins vs 7 for Panthers.


Output by the SimonT Hockey Simulator (STHS) for Stephane Roy -- Original Page W3C XHTML 1.0 Valid
Hockey Simulator - Hockey Simulation - Hockey Manager